 Dungeon Crawl Stone Soup version 0.28.0 (webtiles) character file.

Game seed: 6262043376847476864

177 PoweredByGinger the Chopper (level 5, -2/38 HPs)
             Began as a Demonspawn Gladiator on Feb 9, 2022.
             Killed by nerve-wracking pain
             ... invoked by Grinder
              (10 damage)
             ... on level 3 of the Dungeon.
             The game lasted 00:03:12 (3241 turns).

PoweredByGinger the Chopper (Demonspawn Gladiator)  Turns: 3241, Time: 00:03:12

Health: -2/38      AC: 11    Str: 16    XL:     5   Next: 30%
Magic:  5/5        EV: 12    Int: 10    God:
Gold:   119        SH:  0    Dex: 14    Spells: 4/4 levels left

rFire   . . .      SeeInvis .   a - +0 war axe
rCold   . . .      Faith    .   (no shield)
rNeg    . . .      Spirit   .   b - +0 leather armour
rPois   .          Reflect  .   c - +0 helmet
rElec   .          Harm     .   (no cloak)
rCorr   .          Rampage  .   (no gloves)
Will    .....                   (no boots)
Stlth   +.........              (no amulet)
HPRegen 0.12/turn               k - +4 ring of protection
MPRegen 0.09/turn               (no ring)

@: about to teleport
A: thin metallic scales 2, ignite blood 1
a: no special abilities


You were on level 3 of the Dungeon.
You visited 1 branch of the dungeon, and saw 3 of its levels.

You collected 149 gold pieces.
You spent 30 gold pieces at shops.

Inventory:

Hand Weapons
 a - a +0 war axe (weapon)
Missiles
 l - 54 bolts
 o - 7 poisoned darts (quivered)
 r - 20 arrows
Armour
 b - a +0 leather armour (worn)
 c - a +0 helmet (worn)
Jewellery
 k - a +4 ring of protection (left hand)
 p - an amulet of faith
Wands
 n - a wand of iceblast (7)
Scrolls
 e - a scroll of noise {unknown}
 h - 2 scrolls of identify {unknown}
 i - 2 scrolls of blinking {unknown}
 j - a scroll of fog {unknown}
 q - a scroll of amnesia {unknown}
Potions
 f - a potion of curing {unknown}
 m - 2 potions of invisibility {unknown}


   Skills:
 - Level 2.0 Fighting
 * Level 5.5 Axes
 - Level 1.7 Throwing
 - Level 2.6 Dodging


You had 4 spell levels left.
You didn't know any spells.
Your spell library contained the following spells:

 Spells                   Type           Power      Damage    Failure   Level
 Summon Forest            Summ/Tloc      0%         N/A       100%        5
 Eringya's Noxious Bog    Tmut/Pois      0%         N/A       100%        6
 Summon Hydra             Summ           0%         N/A       100%        7


Dungeon Overview and Level Annotations

Branches:
Dungeon (3/15)

Altars:

Shops:
D:1 ?[*

Annotations:
D:3 Grinder


Innate Abilities, Weirdness & Mutations

You are mostly covered in thin metallic scales. (AC +3)
Your demonic aura sometimes causes spilled blood to erupt in flames.


Message History

Found a short sword.
There is a stone staircase leading up here.
You now have 119 gold pieces (gained 6).
You see here a +0 short sword.
Found 24 stones.
Grinder comes into view.
Grinder shouts!
Grinder gestures at you. Pain shoots through your body!
Grinder closely misses you.
You hit Grinder.
Grinder is lightly wounded.
Grinder hits you.
You writhe in agony.
Throw: 3 throwing nets
Press: ? - help, Q - select action, (/) - cycle Shift-Dir - straight line, f - Grinder
Aim: Grinder (lightly wounded, 55% to hit)
You throw a throwing net.
The throwing net closely misses Grinder.
Grinder misses you.
Throw: 2 throwing nets
Press: ? - help, Q - select action, (/) - cycle Shift-Dir - straight line, f/p - Grinder
Aim: Grinder (lightly wounded, 55% to hit)
You throw a throwing net.
The throwing net closely misses Grinder.
Grinder hits you.
You writhe in agony.
* * * LOW HITPOINT WARNING * * *
Throw: throwing net
Press: ? - help, Q - select action, (/) - cycle Shift-Dir - straight line, f/p - Grinder
Aim: Grinder (lightly wounded, 55% to hit)
You throw a throwing net. The throwing net barely misses Grinder.
Grinder gestures at you.
You barely resist.
Unknown command.
Okay, then.
Okay, then.
As you read the scroll of teleportation, it crumbles to dust.
You feel strangely unstable. Grinder gestures at you.
Pain shoots through your body!
You die...

......###. ...# ##..# .........
###.# ###..#### .#..... .#
##...†.##. .#.<####..######## .#
##......... ))................
#..........
#)...##..........######..........
..##.............................
### ............#####...........
# ####......@................ ...
##..(..5######.......... ...
##.....# ###......... ... ###...#
#....)...##. ... #...#
#.########## ... ##.(# #.# ###
#### #.# #.# ..#


You could see Grinder.

Vanquished Creatures
  A phantom (D:3)
  4 adders
  2 dart slugs (D:2)
  2 orcs (D:3)
  7 endoplasms
  A giant cockroach (D:2)
  5 goblins
  7 hobgoblins
  6 jackals (D:1)
  2 quokkas (D:1)
  5 ball pythons
  5 bats
  4 frilled lizards
  4 kobolds
  5 rats
60 creatures vanquished.

Notes
Turn   | Place    | Note
-------+----------+-------------------------------------------
     0 | D:1      | PoweredByGinger the Demonspawn Gladiator began the quest
                  | for the Orb.
     0 | D:1      | Reached XP level 1. HP: 16/16 MP: 1/1
    27 | D:1      | Reached skill level 3 in Axes
   344 | D:1      | Gained mutation: You are partially covered in thin metallic
                  | scales. (AC +2) [demonic ancestry]
   344 | D:1      | Reached XP level 2. HP: 17/22 MP: 2/2
   760 | D:1      | Found Ughy's Magic Scroll Emporium.
   765 | D:1      | Bought a scroll of teleportation for 30 gold pieces
   776 | D:1      | Reached XP level 3. HP: 27/27 MP: 3/3
  1102 | D:1      | Found Biuhy's Armour Emporium.
  1170 | D:1      | Found Lekexa's Assorted Antiques.
  1402 | D:2      | Reached skill level 4 in Axes
  1809 | D:2      | Found a faded altar of an unknown god.
  2114 | D:2      | Gained mutation: Your demonic aura sometimes causes spilled
                  | blood to erupt in flames. [demonic ancestry]
  2114 | D:2      | Reached XP level 4. HP: 33/33 MP: 4/4
  3034 | D:3      | Noticed a phantom
  3040 | D:3      | Killed a phantom
  3041 | D:3      | Reached skill level 5 in Axes
  3041 | D:3      | Gained mutation: You are mostly covered in thin metallic
                  | scales. (AC +3) [demonic ancestry]
  3041 | D:3      | Reached XP level 5. HP: 23/38 MP: 5/5
  3234 | D:3      | Noticed Grinder
  3241 | D:3      | Killed from afar by Grinder

Illustrated notes

Levels and vault maps discovered:
D:1:      dpeg_arrival_tiny_g, layout_basic, serial_shops,
          nicolae_shop_hallway_stairs, nicolae_lakefront_shop, shop,
          columned_hall_lemuel, amcnicky_mini_rare_corridor_liquid,
          kennysheep_nondescript, minmay_misc_feat_ornament
D:2:      layout_basic, basic_ecumenical_altar, hangedman_decor_slide_cut
D:3:      layout_rooms, nrook_mini_backslash, chequers_hall_statues_y,
          uniq_grinder

Skill      XL: |  1  2  3  4 |
---------------+-------------+-----
Axes           | 3 4 5 |  5.5
Fighting       | |  2.0
Throwing       | |  1.7
Dodging        | |  2.6

Action                   |  1- 3 |  4- 6 || total
-------------------------+-------+-------++-------
Melee: War axe           |   118 |    41 ||   159
       Punch             |     2 |       ||     2
Throw: Throwing net      |     1 |     3 ||     4
  Use: Scroll            |       |     1 ||     1
 Stab: Sleeping          |     1 |       ||     1
Armor: Leather armour    |    53 |    18 ||    71
Dodge: Dodged            |   101 |    24 ||   125
